 Dungeon Crawl Stone Soup version 0.29.1-15-g9cfb28693d (webtiles) character file.

Game seed: 417491516860088792

70387 Ijustatesigmund the Thaumaturge (level 14, -1/92 HPs)
             Began as a Deep Elf Conjurer on Feb 25, 2023.
             Was a High Priest of Ashenzari.
             Killed by divine providence
             ... invoked by an orc priest
              (13 damage)
             ... on level 2 of the Orcish Mines.
             The game lasted 01:54:06 (33295 turns).

Ijustatesigmund the Thaumaturge (DECj)             Turns: 33295, Time: 01:54:06

Health: -1/92      AC:  7    Str:  6    XL:     14   Next: 93%
Magic:  37/37      EV: 16    Int: 36    God:    Ashenzari [*****.]
Gold:   899        SH:  5    Dex: 13    Spells: 11/48 levels left

rFire   . . .      SeeInvis +   M - staff of conjuration
rCold   . . .      Faith    .   D - +0 buckler of the Oracular Fallacy {Fort, Bglg} (curse)
rNeg    . . .      Spirit   .   a - +0 robe "Sibylline Cynicism" {Archmagi, Comp, Cun} (curse)
rPois   .          Reflect  .   e - +2 helmet "Share My Regret" {Int+3, Elem, Fort} (curse)
rElec   .          Harm     .   L - +0 cloak "Thunder Perfect Mind" {Stlth+, Evo, Self} (curse)
rCorr   .          Rampage  .   (no gloves)
Will    ++...      Archmagi +   t - +0 pair of boots of Ashenzari's Mistrust {Melee, Self} (curse)
Stlth   ++++++.... Clarity  +   p - amulet of the Chained Abstinence {Regen+, Alch, Range} (curse)
HPRegen 1.05/turn               h - ring of the Distant Urgency {Will+, Comp, Evo} (curse)
MPRegen 0.25/turn               d - ring "Skepticism of Ashenzari" {Int+6, Alch, Evo} (curse)

@: studying Axes
A: no striking features
a: Renounce Religion, Curse Item, Shatter the Chains


You were on level 2 of the Orcish Mines.
You worshipped Ashenzari.
Ashenzari was extremely pleased with you.
You visited 4 branches of the dungeon, and saw 23 of its levels.
You also visited: Bailey.

You collected 3353 gold pieces.
You spent 2454 gold pieces at shops.

Inventory:

Hand Weapons
 q - a +3 rapier
 E - a +0 sling
 W - the +3 rapier of Armageddon {vorpal, rN+}
   (You found it on level 2 of the Lair of Beasts)

   It inflicts extra damage upon your enemies.
   rN:        It protects you from negative energy.
Missiles
 A - 4 atropa-tipped darts
 B - 4 datura-tipped darts
 N - 2 throwing nets
Armour
 a - the cursed +0 robe "Sibylline Cynicism" (worn) {Archmagi, Comp, Cun}
   (You took it off Dowan on level 7 of the Dungeon)

   It has a curse which improves the following skills: Companions: Summonings
   and Necromancy.
   Cunning:   Dodging and Stealth.
 e - the cursed +2 helmet "Share My Regret" (worn) {Int+3, Elem, Fort}
   (You bought it in a shop on level 5 of the Dungeon)

   It has a curse which improves the following skills: Elements: Fire Magic, Ice
   Magic, Air Magic and Earth Magic.
   Fortitude: Armour and Shields.
 t - the cursed +0 pair of boots of Ashenzari's Mistrust (worn) {Melee, Self}
   (You found it on level 6 of the Dungeon)

   It has a curse which improves the following skills: Melee Combat: Short
   Blades, Long Blades, Axes, Maces & Flails, Polearms, Staves and Unarmed
   Combat.
   Introspection: Fighting and Spellcasting.
 D - the cursed +0 buckler of the Oracular Fallacy (worn) {Fort, Bglg}
   (You found it on level 13 of the Dungeon)

   It has a curse which improves the following skills: Fortitude: Armour and
   Shields.
   Beguiling: Conjurations, Hexes and Translocations.
 L - the cursed +0 cloak "Thunder Perfect Mind" (worn) {Stlth+, Evo, Self}
   (You bought it in a shop on level 11 of the Dungeon)

   It has a curse which improves the following skills: Evocations: Evocations.
   Introspection: Fighting and Spellcasting.
 Q - a +0 pair of boots
Magical Staves
 z - a staff of death
 M - a staff of conjuration (weapon)
Jewellery
 d - the cursed ring "Skepticism of Ashenzari" (right hand) {Int+6, Alch, Evo}
   (You found it on level 2 of the Dungeon)

   [ring of intelligence]

   Int:       It affects your intelligence (+6).
   It has a curse which improves the following skills: Alchemy: Poison Magic and
   Transmutations.
   Evocations: Evocations.
 h - the cursed ring of the Distant Urgency (left hand) {Will+, Comp, Evo}
   (You found it on level 1 of the Dungeon)

   [ring of willpower]

   Will:      It increases your willpower.
   It has a curse which improves the following skills: Companions: Summonings
   and Necromancy.
   Evocations: Evocations.
 p - the cursed amulet of the Chained Abstinence (around neck) {Regen+, Alch, Range}
   (You found it on level 7 of the Dungeon)

   [amulet of regeneration]

   Regen:     It increases your rate of health regeneration.
   It has a curse which improves the following skills: Alchemy: Poison Magic and
   Transmutations.
   Ranged Combat: Ranged Weapons and Throwing.
 r - a ring of resist corrosion
 I - a ring of poison resistance
 J - a ring of flight
 T - a ring of protection from fire
 X - an amulet of guardian spirit
 Z - a ring of protection from cold
Wands
 o - a wand of flame (40)
 w - a wand of mindburst (2)
 y - a wand of light (11)
 K - a wand of polymorph (16)
 R - a wand of roots (28)
 U - a wand of charming (12)
Scrolls
 g - a scroll of acquirement
 k - 8 scrolls of teleportation
 n - 2 scrolls of blinking
 s - 11 scrolls of identify
 u - 2 scrolls of enchant armour
 v - 3 scrolls of poison
 C - 5 scrolls of immolation
 F - 2 scrolls of magic mapping
 P - 3 scrolls of enchant weapon
 S - a scroll of amnesia
 V - a scroll of silence
Potions
 b - 3 potions of magic
 c - 8 potions of curing
 f - a potion of mutation
 i - 6 potions of attraction
 j - a potion of flight
 l - 6 potions of haste
 m - 3 potions of berserk rage
 x - 2 potions of might
 G - 3 potions of lignification
 H - a potion of ambrosia
 O - 2 potions of resistance
 Y - a potion of brilliance


   Skills:
 - Level 8.5(12.0) Fighting
 - Level 3.5(5.6) Short Blades
 - Level 4.4(6.6) Ranged Weapons
 - Level 1.4(3.0) Throwing
 - Level 1.0(2.9) Armour
 - Level 8.4(10.7) Dodging
 - Level 8.5(10.8) Stealth
 - Level 3.2(6.2) Shields
 + Level 14.2(17.5) Spellcasting
 + Level 13.0(15.2) Conjurations
 + Level 12.0(15.4) Summonings
 - Level 8.2(11.7) Necromancy
 - Level 5.7(8.0) Translocations
 - Level 6.8(9.2) Earth Magic
 - Level 5.7(10.1) Evocations


You had 11 spell levels left.
You knew the following spells:

 Your Spells              Type           Power      Damage    Failure   Level
a - Magic Dart            Conj           100%       1d8       0%          1
b - Searing Ray           Conj           100%       2d8       0%          2
c - Iskenderun's Mystic   Conj/Tloc      100%       2d19      1%          4
d - Iskenderun's Battles  Conj           100%       2d15      1%          5
e - Iron Shot             Conj/Erth      66%        9d12      1%          6
f - Borgnjor's Vile Clut  Necr/Erth      51%        N/A       1%          5
g - Spellforged Servitor  Conj/Summ      72%        N/A       1%          7
h - Orb of Destruction    Conj           72%        9d17      2%          7

Your spell library contained the following spells:

 Spells                   Type           Power      Damage    Failure   Level
 Summon Small Mammal      Summ           100%       N/A       0%          1
 Call Canine Familiar     Summ           100%       N/A       0%          3
 Beastly Appendage        Tmut           100%       N/A       1%          1
 Ensorcelled Hibernation  Hex/Ice        100%       N/A       1%          2
 Wereblood                Tmut           51%        N/A       1%          2
 Conjure Flame            Conj/Fire      100%       6-21      1%          3
 Dazzling Flash           Conj/Hex       100%       N/A       1%          3
 Gell's Gravitas          Tloc           94%        N/A       1%          3
 Lesser Beckoning         Tloc           94%        N/A       1%          3
 Mephitic Cloud           Conj/Pois/Air  100%       N/A       1%          3
 Portal Projectile        Hex/Tloc       100%       N/A       1%          3
 Summon Guardian Golem    Hex/Summ       93%        N/A       1%          3
 Teleport Other           Tloc           94%        N/A       1%          3
 Anguish                  Hex/Necr       42%        N/A       1%          4
 Animate Dead             Necr           100%       N/A       1%          4
 Fulminant Prism          Conj/Hex       57%        3d25      1%          4
 Summon Lightning Spire   Summ/Air       93%        N/A       1%          4
 Agony                    Necr           100%       N/A       1%          5
 Fireball                 Conj/Fire      57%        3d22      1%          5
 Lightning Bolt           Conj/Air       57%        1d80      1%          5
 Death Channel            Necr           54%        N/A       1%          6
 Spider Form              Tmut/Pois      51%        N/A       3%          3
 Airstrike                Air            25%        2d(4-20)  12%         4
 Cause Fear               Hex            25%        N/A       12%         4
 Silence                  Hex/Air        25%        N/A       32%         5
 Dragon's Call            Summ           60%        N/A       94%         9
 Dragon Form              Tmut           25%        N/A       100%        7
 Chain Lightning          Conj/Air       57%        3d76      100%        9


Dungeon Overview and Level Annotations

Branches:
Dungeon (15/15)            Temple (1/1) D:4            Lair (5/5) D:9
 Shoals (0/4) Lair:3        Snake (0/4) Lair:2        Slime (0/5) Lair:4
    Orc (2/2) D:11            Elf (0/3) Orc:2        Vaults (0/5) D:14
 Bailey (visited)
 Depths: D:15

Altars:
Ashenzari
Cheibriados
Dithmenos
Elyvilon
Fedhas
Gozag
Hepliaklqana
Kikubaaqudgha
Makhleb
Nemelex Xobeh
Okawaru
Qazlal
Ru
Sif Muna
Trog
Uskayaw
Vehumet
Wu Jian
Xom
Yredelemnul
Zin
The Shining One

Shops:
D:5 :*?[:   D:9 *   D:10 !   D:11 [   Orc:2 (

Annotations:
D:4 3 runed translucent doors, ANNNA's ghost, amateur GnEE
D:15 Azrael
Lair:2 exclusion: 2 oklob plants


Message History

The orc priest calls down the wrath of Beogh upon you.
Beogh smites you!
The wavering orb of destruction hits the orc!!!
The orc is blown up!
Your spellforged servitor conjures a glowing orb.
The wavering orb of destruction weakly hits the warg!!
The warg barely misses your spellforged servitor.
You climb upwards.
There is a stone staircase leading down here.
You start resting.
HP restored.
You start resting.
Magic restored.
You climb downwards.
The troll shouts!
The orc knight shouts!
The warg howls!
The ogre barely misses you. The ogre closely misses you.
The orc warrior hits you with a +0 long sword!!
The ogre misses you. The troll closely misses you.
You block the troll's attack. The troll claws you.
The troll closely misses you. x2; The troll claws you!
The orc priest looks encouraged for a moment.
An orc warrior comes into view.
It is wielding a +1 battleaxe of electrocution.
The orc knight roars a battlecry!
The orcs go into a battle-frenzy!
The troll bites you but does no damage. The troll claws you.
The troll closely misses you. The troll bites you! The troll claws you. x2
An orc warrior comes into view. It is wielding a +0 war axe.
The orc warrior hits you with a +0 long sword!!
* * * LOW HITPOINT WARNING * * *
You hear a shout!
There is a stone staircase leading up, spattered with blood here.
Blink to where?
Press: ? - help, Dir - move target An orc warrior comes into view.
It is wielding a +2 antimagic hand axe.
Found 47 gold pieces.
Found an escape hatch in the ceiling.
As you read the scroll of blinking, it crumbles to dust.
An orc comes into view. It is wielding a +0 club.
The orc priest invokes the aid of Beogh against you.
Beogh smites you!
You die...

,, ,,, , ,, , * ,,* ,,, ,
,.#.......#...**
,..............#.......#
.............#.........*
,...................#..#*
,............#.........#*
,............#.......$..
..o.....>.TO...........#
....O....O.h....@......#
**
...[C..[§oO.o......#.... *
....T...T.o.....o..$....,,
,
.......oToo.o...........,,
* *
.O......##.oT..........#,,
............o........... ,
*
#.........$Oo#..o.......,,
,,,*
.#..........o.....#.....,
,_ .#.....$ ...., , ,, , ,


You could see an orc knight, an orc high priest (strong), a two-headed ogre, 2
trolls, a warg, 6 orc warriors, 3 ogres, an orc priest (strong) and 3 orcs.

Vanquished Creatures
  Rupert (D:12)
  Snorg (Orc:1)
  Harold (Orc:1)
  Fannar (Lair:1)
  A boulder beetle (D:12)
  3 hydras
  2 two-headed ogres
  2 centaur warriors
  2 death yaks (Lair:5)
  Urug (Lair:2)
  A deep elf knight (Orc:1)
  Amaemon (Lair:3)
  A lindwurm (Lair:5)
  3 orc knights
  2 deep elf pyromancers
  A wizard (D:14)
  3 deep elf zephyrmancers
  3 orc sorcerers (Orc:1)
  3 cyclopes
  2 manticores
  6 elephants
  A merfolk siren (Lair:3)
  3 ugly things (D:14)
  2 torpor snails (Lair:5)
  8 black mambas
  Joseph (D:7)
  A rime drake (Lair:5)
  An orange demon (Lair:3)
  11 cane toads
  10 komodo dragons
  3 meliai (D:15)
  A polar bear (Lair:5)
  10 trolls
  Grinder (D:4)
  3 hornets
  Prince Ribbit (D:6)
  10 blink frogs (Lair:5)
  3 dream sheep (Lair:5)
  11 slime creatures
  2 wraiths (D:12)
  3 shadows (D:11)
  27 yaks
  A vampire (D:11)
  A wyvern (Lair:5)
  7 fire elementals
  Eustachio (D:5)
  2 steam dragons
  8 vampire mosquitoes
  Menkaure (D:4)
  2 wargs (Orc:1)
  An acid dragon (Lair:5)
  9 water moccasins
  Duvessa (D:7)
  23 orc warriors
  A sky beast (D:7)
  An ice beast (D:3)
  16 wolves
  8 ogres
  A phantom (D:5)
  10 centaurs
  11 kobold brigands
  8 bullfrogs
  Blork the orc (D:4)
  A necrophage (D:7)
  2 gnoll sergeants
  3 scorpions (D:5)
  6 wights
  Dowan (D:7)
  A hornet simulacrum (D:14)
  11 killer bees (D:8)
  6 howler monkeys
  An electric eel (Lair:4)
  A jelly (D:5)
  8 orc priests
  4 hounds
  A gnoll bouda (D:5)
  5 iguanas
  Jessica (D:2)
  Ijyb (D:3)
  Natasha (thrice) (D:4)
  Terence (D:3)
  A scorpion zombie (D:4)
  11 orc wizards
  Robin (D:2)
  19 gnolls
  10 adders
  2 shadow imps
  A white imp (D:6)
  2 ufetubi
  An adder zombie (D:4)
  3 dart slugs
  A worm (D:3)
  67 orcs
  4 bats
  An endoplasm (D:4)
  4 giant cockroaches
  17 hobgoblins
  27 kobolds
  3 quokkas
  4 ball pythons
  4 frilled lizards
  9 goblins
  6 rats
523 creatures vanquished.

Vanquished Creatures (collateral kills)
  An orc warlord (Orc:1)
  A fire dragon (Lair:5)
  A hydra (Lair:4)
  A catoblepas (Lair:5)
  A death yak (Lair:5)
  An orc high priest (Orc:1)
  A lindwurm (Lair:5)
  An orc sorcerer (Orc:1)
  A wolf spider (Lair:5)
  2 manticores (Lair:5)
  7 elephants
  A cane toad (Lair:5)
  2 rime drakes (Lair:5)
  A komodo dragon (Lair:4)
  6 dream sheep (Lair:5)
  A wyvern (Lair:5)
  2 basilisks (Lair:5)
  6 yaks
  A steam dragon (Lair:5)
  A water moccasin (Lair:5)
  2 orc warriors
  A swamp drake (Lair:5)
  A wolf (Lair:5)
  An electric eel (Lair:5)
  2 iguanas (Lair:5)
  An orc (Orc:2)
47 creatures vanquished.

Vanquished Creatures (others)
  A swamp dragon (Lair:5)
  A cane toad (Lair:5)
  6 fungi
  28 plants
36 creatures vanquished.

Grand Total: 606 creatures vanquished

Notes
Turn   | Place    | Note
-------+----------+-------------------------------------------
     0 | D:1      | Ijustatesigmund the Deep Elf Conjurer began the quest for
                  | the Orb.
     0 | D:1      | Reached XP level 1. HP: 10/10 MP: 6/6
   476 | D:1      | Reached XP level 2. HP: 16/16 MP: 6/8
   479 | D:1      | Learned a level 2 spell: Searing Ray
   518 | D:1      | Reached skill level 1 in Fighting
  1454 | D:2      | Reached skill level 5 in Conjurations
  1454 | D:2      | Reached XP level 3. HP: 20/20 MP: 5/9
  1836 | D:2      | Noticed Jessica
  1841 | D:2      | Killed Jessica
  1842 | D:2      | Reached XP level 4. HP: 18/26 MP: 5/10
  1866 | D:2      | Noticed Robin
  1959 | D:2      | Killed Robin
  2632 | D:3      | Noticed an ice beast
  2674 | D:3      | Reached XP level 5. HP: 31/31 MP: 8/11
  2679 | D:3      | Learned a level 4 spell: Iskenderun's Mystic Blast
  2824 | D:3      | Noticed Terence
  2833 | D:3      | Killed Terence
  3017 | D:3      | Killed an ice beast
  3018 | D:3      | Reached skill level 1 in Translocations
  3018 | D:3      | Reached XP level 6. HP: 23/37 MP: 2/13
  3622 | D:3      | Noticed Ijyb
  3637 | D:3      | Killed Ijyb
  3638 | D:3      | Reached skill level 4 in Spellcasting
  4483 | D:4      | Noticed Grinder
  4489 | D:4      | Killed Grinder
  4490 | D:4      | Reached XP level 7. HP: 36/41 MP: 4/16
  4730 | D:4      | Noticed Menkaure
  4736 | D:4      | Killed Menkaure
  4737 | D:4      | Reached skill level 5 in Spellcasting
  4829 | D:4      | Found a runed translucent gate.
  4829 | D:4      | Found a runed translucent gate.
  4829 | D:4      | Found a runed translucent gate.
  4829 | D:4      | Noticed ANNNA's ghost (amateur GnEE)
  4844 | D:4      | Found a basalt altar of Yredelemnul.
  4947 | D:4      | Noticed Natasha
  4949 | D:4      | Killed Natasha
  5172 | D:4      | Noticed Blork the orc
  5178 | D:4      | Killed Blork the orc
  5452 | D:4      | Found a staircase to the Ecumenical Temple.
  5458 | Temple   | Entered the Ecumenical Temple
  5465 | Temple   | Became a worshipper of Ashenzari the Shackled
  5933 | D:4      | Noticed Natasha
  5937 | D:4      | Killed Natasha
  6182 | D:5      | Entered Level 5 of the Dungeon
  6525 | D:5      | Reached skill level 6 in Spellcasting
  6525 | D:5      | Reached XP level 8. HP: 46/46 MP: 12/19
  6919 | D:5      | Reached skill level 5 in Dodging
  7186 | D:5      | Found Zaunok's General Store.
  7188 | D:5      | Found Faiseotuo's Armour Boutique.
  7190 | D:5      | Found Apaofoqi's Magic Scroll Boutique.
  7222 | D:4      | Noticed Natasha
  7227 | D:4      | Killed Natasha
  7429 | D:5      | Found Nesoso's Book Boutique.
  7432 | D:5      | Bought a scroll of fear for 44 gold pieces
  7432 | D:5      | Bought a scroll of identify for 22 gold pieces
  7444 | D:5      | Bought a scroll of identify for 26 gold pieces
  7532 | D:5      | Noticed Eustachio
  7792 | D:5      | Killed Eustachio
  7793 | D:5      | Reached skill level 7 in Spellcasting
  7793 | D:5      | Reached skill level 5 in Translocations
  8411 | D:5      | Found Maruvok's Tremendous Tomes.
  9057 | D:6      | Reached XP level 9. HP: 43/50 MP: 18/22
  9427 | D:6      | Noticed Prince Ribbit
  9433 | D:6      | Killed Prince Ribbit
  9702 | D:7      | Reached * piety under Ashenzari
 10015 | D:7      | Noticed Dowan
 10016 | D:7      | Noticed Duvessa
 10037 | D:7      | Killed Dowan
 10343 | D:7      | Noticed Joseph
 10378 | D:7      | Killed Joseph
 10379 | D:7      | Reached skill level 5 in Fighting
 10379 | D:7      | Reached skill level 8 in Spellcasting
 10532 | D:7      | Found a glowing silver altar of Zin.
 10552 | D:7      | Reached ** piety under Ashenzari
 10757 | D:7      | Killed Duvessa
 10758 | D:7      | Reached skill level 1 in Short Blades
 10758 | D:7      | Reached skill level 1 in Evocations
 11318 | D:8      | Found a bloodstained altar of Trog.
 11338 | D:8      | Found a flagged portal.
 11345 | Bailey   | Entered a bailey
 11564 | Bailey   | Reached XP level 10. HP: 63/63 MP: 19/26
 12035 | Bailey   | Reached skill level 9 in Spellcasting
 12247 | Bailey   | Found an iron altar of Okawaru.
 12537 | D:5      | Bought a +2 helmet of intelligence for 279 gold pieces
 14452 | D:9      | Found Tuqusche's Assorted Antiques.
 14459 | D:9      | Bought a metallic yellow potion for 28 gold pieces
 14618 | D:9      | Found a staircase to the Lair.
 14632 | D:9      | Reached skill level 1 in Armour
 14632 | D:9      | Reached skill level 1 in Shields
 14660 | D:9      | Reached *** piety under Ashenzari
 14689 | D:9      | Identified a scroll of acquirement
 14963 | D:9      | Reached skill level 1 in Ranged Weapons
 14963 | D:9      | Reached skill level 1 in Throwing
 14965 | D:9      | Reached skill level 10 in Spellcasting
 15167 | D:9      | Acquired 794 gold pieces
 15296 | D:5      | Bought a book of Unlife for 396 gold pieces
 15296 | D:5      | Bought a book of Power for 462 gold pieces
 15302 | D:5      | Learned a level 5 spell: Iskenderun's Battlesphere
 15309 | D:5      | Learned a level 6 spell: Iron Shot
 15475 | D:10     | Entered Level 10 of the Dungeon
 15680 | D:10     | Reached skill level 1 in Earth Magic
 15680 | D:10     | Reached XP level 11. HP: 61/71 MP: 8/28
 16052 | D:10     | Found Rodiras's Distillery.
 16063 | D:10     | Bought a potion of heal wounds for 85 gold pieces
 16664 | D:10     | Learned a level 5 spell: Borgnjor's Vile Clutch
 16903 | D:11     | Noticed a two-headed ogre
 16911 | D:11     | Killed a two-headed ogre
 16912 | D:11     | Reached skill level 1 in Necromancy
 17070 | D:11     | Noticed an eight-headed hydra
 17131 | D:11     | Killed an eight-headed hydra
 17338 | D:11     | Found Netous's Armour Shop.
 17338 | D:11     | Found a staircase to the Orcish Mines.
 17412 | D:11     | Bought a +0 cloak of stealth for 172 gold pieces
 17445 | D:11     | Reached skill level 5 in Earth Magic
 17786 | D:11     | Reached **** piety under Ashenzari
 17794 | D:11     | Acquired a staff of conjuration
 18137 | D:11     | Reached skill level 5 in Necromancy
 18810 | D:12     | Noticed Rupert
 18816 | D:12     | Noticed a boulder beetle
 18825 | D:12     | Killed a boulder beetle
 18882 | D:12     | Killed Rupert
 18883 | D:12     | Reached XP level 12. HP: 80/80 MP: 13/31
 18999 | D:12     | Found a sparkling altar of Nemelex Xobeh.
 20149 | D:13     | Noticed a centaur warrior
 20155 | D:13     | Killed a centaur warrior
 21844 | D:14     | Learned a level 7 spell: Spellforged Servitor
 21845 | D:14     | Reached ***** piety under Ashenzari
 21890 | D:14     | Noticed a centaur warrior
 21907 | D:14     | Killed a centaur warrior
 21908 | D:14     | Reached skill level 5 in Stealth
 21908 | D:14     | Reached skill level 11 in Spellcasting
 21908 | D:14     | Reached skill level 1 in Summonings
 22493 | D:14     | Noticed a two-headed ogre
 22496 | D:14     | Killed a two-headed ogre
 22529 | D:14     | Found a gate to the Vaults.
 23132 | D:15     | Entered Level 15 of the Dungeon
 23141 | D:15     | Reached XP level 13. HP: 41/85 MP: 17/33
 23214 | D:15     | Noticed Azrael
 23220 | D:14     | Reached skill level 10 in Conjurations
 23670 | Lair:1   | Entered Level 1 of the Lair of Beasts
 23684 | Lair:1   | Reached skill level 5 in Summonings
 24120 | Lair:1   | Found a burning altar of Makhleb.
 24131 | Lair:1   | Noticed Fannar
 24138 | Lair:1   | Killed Fannar
 24834 | Lair:2   | Found a staircase to the Snake Pit.
 24845 | Lair:2   | Reached skill level 12 in Spellcasting
 24951 | Lair:2   | Identified the +3 rapier of Armageddon {vorpal, rN+}
 25044 | Lair:2   | Noticed Urug
 25054 | Lair:2   | Killed Urug
 25583 | Lair:3   | Noticed Amaemon
 25592 | Lair:3   | Killed Amaemon
 26009 | Lair:3   | Found a staircase to the Shoals.
 26829 | Orc:1    | Entered Level 1 of the Orcish Mines
 26829 | Orc:1    | Noticed Snorg
 26833 | Orc:1    | Killed Snorg
 26986 | Orc:1    | Reached skill level 5 in Evocations
 27132 | Orc:1    | Noticed Harold
 27139 | Orc:1    | Killed Harold
 27818 | Orc:1    | Noticed an orc warlord
 27840 | Orc:2    | Entered Level 2 of the Orcish Mines
 27840 | Orc:2    | Found Duwyt's Antique Weapon Boutique.
 28086 | Orc:1    | Reached skill level 13 in Spellcasting
 28372 | D:5      | Bought the Parchment of Elsewhere and Conjuring for 940
                  | gold pieces
 28380 | D:5      | Learned a level 7 spell: Orb of Destruction
 28628 | Lair:4   | Reached XP level 14. HP: 86/92 MP: 22/36
 29416 | Lair:4   | Found a staircase to the Slime Pits.
 29678 | Lair:5   | Entered Level 5 of the Lair of Beasts
 29687 | Lair:5   | Reached skill level 10 in Summonings
 31845 | Lair:5   | Identified the +10 morningstar of Corruption {freeze,
                  | rPois}
 32646 | Lair:5   | Reached skill level 14 in Spellcasting
 33097 | Orc:1    | Killed an orc warlord
 33223 | Orc:2    | Found a staircase to the Elven Halls.
 33295 | Orc:2    | Killed from afar by an orc priest

Illustrated notes

Levels and vault maps discovered:
D:1:      spicycebolla_green_bress_n_ham_2, layout_basic, st_stairs_9,
          fountainhead
D:2:      layout_basic, chequers_serial_rivers_room_b, uniq_jessica, uniq_robin
D:3:      layout_basic, minmay_misc_feat_four_crosses, grunt_decor_cap,
          chequers_garden, serial_bayou_pond_b, minmay_crystal_water, uniq_ijyb,
          uniq_terence
D:4:      layout_basic, nicolae_yredelemnul_ghost_church,
          minmay_temple_entry_nine_rooms, uniq_grinder, uniq_natasha,
          uniq_blork_the_orc, uniq_menkaure
D:5:      layout_loops_ring, kennysheep_cross_room,
          nicolae_shop_i_like_big_books, minmay_shop_grid_forest, uniq_eustachio
D:6:      layout_gridville, uniq_prince_ribbit1
D:7:      layout_rooms, zin_scriptorium, uniq_joseph, uniq_duvessa
D:8:      layout_loops_cross, mainiacjoe_overflow_catwalk, enter_bailey_1,
          lightli_orcish_oven
D:9:      layout_roguey, dpeg_oklobed_lair, serial_shops,
          nicolae_shop_overgrown_old_shop, minivault_11
D:10:     layout_rooms, serial_shops, nicolae_shop_crystal
D:11:     layout_roguey, orc_david_3
D:12:     layout_irregular_city, nemelex_altar_shiori, uniq_rupert
D:13:     layout_stronghold, lemuel_freeze_loot_1
D:14:     cheibrodos_orc_bank, layout_cave_pools, david_vaults_1, special_room
          [special_room_orc], nicolae_elevator_lobby_plus
D:15:     grunt_enter_depths_hoard, layout_layer_cave, uniq_azrael
Temple:   compressed_dpeg_triangle_lava_temple
Lair:1:   layout_cellular_growth, basic_altar, uniq_fannar
Lair:2:   minmay_lair_oklob_chamber, layout_misc_corridors,
          minmay_snake_entry_six_corridors, uniq_urug
Lair:3:   layout_loops_ring, minmay_shoals_entry_lonely_mermaid,
          grunt_megastairs_2, uniq_amaemon
Lair:4:   layout_gridlike, dpeg_slime_entry_corner
Lair:5:   guppyfry_lair_end_dragon, layout_regular_city,
          hangedman_lair_in_review, serial_bayou_shore_a, lemuel_fruit_tree
Orc:1:    layout_caves, elf_legates, uniq_snorg, uniq_harold
Orc:2:    st_orc_open, layout_caves, basic_altar

Skill      XL: |  1  2  3  4  5  6  7  8  9 10 11 12 13 14 |
---------------+-------------------------------------------+-----
Fighting       | 1 2 3 6 7 8 |  8.5
Conjurations   | 5 6 7 8 9 11 13 | 13.0
Translocations | 1 2 4 5 |  5.7
Spellcasting   | 4 6 7 8 10 11 13 14 | 14.2
Dodging        | 3 4 6 7 8 |  8.4
Short Blades   | 1 3 |  3.5
Evocations     | 2 3 5 |  5.7
Armour         | 1 |  1.0
Shields        | 1 3 |  3.2
Ranged Weapons | 3 4 |  4.4
Throwing       | 1 |  1.4
Earth Magic    | 1 6 |  6.8
Necromancy     | 6 8 |  8.2
Stealth        | 6 7 8 |  8.5
Summonings     | 4 8 12 | 12.0

Action                   |  1- 3 |  4- 6 |  7- 9 | 10-12 | 13-15 || total
-------------------------+-------+-------+-------+-------+-------++-------
Melee: Dagger            |       |     2 |       |       |       ||     2
       Short sword       |       |       |    25 |       |       ||    25
       Punch             |       |       |     1 |       |       ||     1
       Staff             |       |       |       |     1 |     5 ||     6
 Fire: Sling             |       |       |       |    47 |       ||    47
 Cast: Magic Dart        |    42 |    75 |   148 |   175 |   198 ||   638
       Searing Ray       |     3 |    12 |    44 |    43 |     5 ||   107
       Iskenderun's Myst |       |     2 |    30 |   112 |    28 ||   172
       Iskenderun's Batt |       |       |       |    30 |    33 ||    63
       Iron Shot         |       |       |       |    12 |    72 ||    84
       Borgnjor's Vile C |       |       |       |     4 |    18 ||    22
       Spellforged Servi |       |       |       |       |    26 ||    26
Invok: Curse Item        |       |       |     3 |     6 |       ||     9
       Shatter the Chain |       |       |       |     1 |       ||     1
Evoke: Wand              |       |       |     3 |    13 |    13 ||    29
  Use: Scroll            |     3 |     3 |     8 |     5 |     1 ||    20
       Potion            |     1 |     1 |       |     2 |       ||     4
 Stab: Sleeping          |       |       |       |       |     1 ||     1
Armor: Robe              |     2 |     1 |     7 |    17 |    15 ||    42
Dodge: Dodged            |     3 |    16 |    54 |    94 |    86 ||   253
Block: Kite shield       |       |       |       |     7 |       ||     7
       Buckler           |       |       |       |     5 |    27 ||    32
